 Dungeon Crawl Stone Soup version 0.21.0 (webtiles) character file.

221756 inmateoo the Brawler (level 19, -12/170 HPs)
             Began as a Ghoul Monk on Jan 7, 2018.
             Was a High Priest of Wu Jian.
             Blown up by a great orb of eyes (33 damage)
             ... with a disintegration bolt
             ... while paralysed by a great orb of eyes
             ... on level 1 of the Vaults.
             The game lasted 01:20:50 (31836 turns).

inmateoo the Brawler (Ghoul Monk)                  Turns: 31836, Time: 01:20:51

Health: -12/170    AC: 26    Str: 23    XL:     19   Next: 21%
Magic:  28/28      EV:  2    Int:  7    God:    Wu Jian [*****.]
Gold:   258        SH:  0    Dex: 15    Spells: 12/31 levels left

rFire    + . .     SeeInvis +     - Unarmed
rCold    + + .     Gourm    .   u - +1 shield {AC+3}
rNeg     + + +     Faith    .   j - +3 plate armour {rC+}
rPois    ∞         Spirit   .   e - +3 crown of Dyrovepreva {rElec Int+2 SInv}
rElec    +         Reflect  .   U - scarf {repulsion}
rCorr    .         Harm     .   (no gloves)
MR       +....                  G - +0 pair of boots
Stlth    ..........             (no amulet)
HPRegen  0.00/turn              a - ring of protection from fire
MPRegen  0.21/turn              q - +4 ring of dexterity

@: paralysed, rotting, repel missiles
A: rotting body, claws 1, carnivore, cold resistance 1, negative energy
resistance 3, inhibited regeneration, torment resistance, unbreathing
}: 1/15 runes: serpentine
a: Wall Jump, Serpent's Lash, Heavenly Storm, Renounce Religion


You were on level 1 of the Vaults.
You worshipped Wu Jian.
Wu Jian was extremely pleased with you.
You were not hungry.

You visited 6 branches of the dungeon, and saw 29 of its levels.
You also visited: Labyrinth, Sewer, Ossuary and Ice Cave.

You collected 3446 gold pieces.
You spent 3188 gold pieces at shops.

Inventory:

Armour
 e - the +3 crown of Dyrovepreva (worn) {rElec Int+2 SInv}
   (You bought it in a shop on level 2 of the Orcish Mines)

   It affects your intelligence (+2).
   It insulates you from electricity.
   It lets you see invisible.
 j - a +3 plate armour of cold resistance (worn)
 u - a +1 shield of protection (worn)
 G - a +0 pair of boots (worn)
 U - a scarf of repulsion (worn)
Jewellery
 a - a ring of protection from fire (left claw)
 h - an uncursed ring of resist corrosion
 m - an uncursed ring of protection from cold
 q - a +4 ring of dexterity (right claw)
 T - an uncursed ring of ice
Wands
 f - a wand of polymorph (9)
 v - a wand of clouds (4)
 y - a wand of digging (12)
 E - a wand of paralysis (46)
 F - a wand of scattershot (5)
 P - a wand of acid (28)
 R - a wand of flame (45)
Scrolls
 g - 11 scrolls of teleportation
 i - 14 scrolls of amnesia
 l - 4 scrolls of enchant armour
 p - 10 scrolls of remove curse
 t - 8 scrolls of fog
 x - 7 scrolls of magic mapping
 B - 3 scrolls of identify
 H - 2 scrolls of blinking
Potions
 c - 5 potions of brilliance
 d - 3 potions of magic
 k - 4 potions of haste
 n - 3 potions of ambrosia
 o - 2 potions of heal wounds
 r - 5 potions of curing
 w - a potion of invisibility
 z - 2 potions of might
 A - a potion of agility
 C - 5 potions of cancellation
 D - 4 potions of flight
 I - a potion of resistance
Comestibles
 b - 71 rations


   Skills:
 + Level 15.4 Fighting
 * Level 13.8 Armour
 + Level 11.4 Dodging
 - Level 2.1 Stealth
 + Level 7.5 Shields
 * Level 20.6 Unarmed Combat
 + Level 6.6 Spellcasting
 + Level 7.1 Charms
 + Level 4.9 Necromancy


You had 12 spell levels left.
You knew the following spells:

 Your Spells              Type           Power        Failure   Level  Hunger
a - Regeneration          Chrm/Necr      ##........   82%         3    ###....
b - Blink                 Tloc           N/A          100%        2    ##.....
c - Song of Slaying       Chrm           ##......     43%         2    ##.....
d - Shroud of Golubria    Chrm/Tloc      #.........   90%         2    ##.....
e - Swiftness             Chrm/Air       #.......     90%         2    ##.....
f - Controlled Blink      Tloc           N/A          100%        8    #######


Dungeon Overview and Level Annotations

Branches:
Dungeon (15/15)            Temple (1/1) D:4            Lair (6/6) D:11
 Shoals (0/4) Lair:3        Snake (4/4) Lair:3        Slime (0/5) Lair:5
    Orc (2/2) D:12            Elf (0/3) Orc:2        Vaults (1/5) D:14
 Depths (0/5) D:15

Altars:
Ashenzari
Cheibriados
Dithmenos
Elyvilon
Fedhas
Gozag
Hepliaklqana
Kikubaaqudgha
Makhleb
Nemelex Xobeh
Okawaru
Qazlal
Ru
Sif Muna
Trog
Uskayaw
Vehumet
Wu Jian
Xom
Yredelemnul
Zin
The Shining One
Jiyva

Shops:
D:4 %   Orc:2 (*?*:[(   Snake:1 [   Snake:2 *=(*   Snake:4 (

Portals:
Pandemonium: Orc:2

Annotations:
D:13 Frances
Lair:5 1 runed door


Innate Abilities, Weirdness & Mutations

Your body is rotting away.
You thrive on raw meat.
You are immune to poison.
You have sharp fingernails.
You are carnivorous and can eat meat at any time.
Your flesh is cold resistant. (rC+)
You are immune to negative energy. (rN+++)
You do not regenerate when monsters are visible.
You are immune to unholy pain and torment.
You can survive without breathing.


Message History

The great orb of eyes gazes at you. You resist with some effort.
The orc warrior hits you but does no damage.
The great orb of eyes gazes at you.
You shrug off the repeated paralysis!
The ogre hits you with a giant club.
The orc knight hits you with a great mace of protection!
The orc warrior hits you with a dire flail!!
The great orb of eyes bites you but does no damage.
The ogre hits you but does no damage. The orc knight barely misses you.
The orc warrior hits you with a dire flail!
* * * LOW HITPOINT WARNING * * *
The great orb of eyes gazes at you.
You shrug off the repeated paralysis!
The ogre hits you but does no damage.
The orc warrior hits you with a dire flail!!
* * * LOW HITPOINT WARNING * * *
The orc knight hits you but does no damage.
The great orb of eyes gazes at you.
You are blasted!
You die...

#.............
#.............
#.............
###########..........)))
..........#..........))(
..#...#...#.............
..........#.............
..#...#.o†'.............
......)@G.#.............
..#...#Oo.##############
..........# ..#...#.).#
..........# ..#...#...#
..........# #######
########### #......
#......


You could see an orc knight, a great orb of eyes, an orc warrior and an ogre.

Vanquished Creatures
  Kirke (D:12)
  Gastronok (Lair:6)
  12 nagarajas
  A frost giant (IceCv)
  A fire giant (D:15)
  An orc warlord (Orc:2)
  3 vault wardens (Vaults:1)
  3 ironheart preservers (Vaults:1)
  The ghost of Lunath the Peltast, a journeyman MiFi of Okawaru (Orc:2)
  A deep elf demonologist (Vaults:1)
  3 stone giants (Orc:1)
  Snorg (D:11)
  A minotaur (Lab)
  The ghost of inmateoo the Cleaver, a journeyman DDWn of Makhleb (Orc:1)
  Josephine (Lair:4)
  2 yaktaur captains (Vaults:1)
  An ice dragon (Vaults:1)
  Erolcha (Orc:2)
  Harold (D:12)
  12 naga warriors
  10 hydras
  Erica (Lair:2)
  2 catoblepae
  11 anacondas
  6 death yaks
  2 dancing weapons (D:14)
  6 centaur warriors
  3 ogre magi (Vaults:1)
  20 two-headed ogres
  2 tengu warriors (D:15)
  13 orc high priests
  11 naga sharpshooters
  4 shock serpents
  2 soul eaters
  2 deep elf knights (Vaults:1)
  A sun demon (Orc:2)
  5 salamander mystics (Snake:4)
  3 deep trolls (Vaults:1)
  An infernal demonspawn (Orc:2)
  A wizard (Vaults:1)
  2 unseen horrors
  4 sea snakes (Snake:4)
  8 naga ritualists
  2 gelid demonspawn
  4 deep elf magi
  2 ironbrand convokers (Vaults:1)
  9 mana vipers
  Pikel (D:5)
  2 deep elf archers (Vaults:1)
  3 wolf spiders (Vaults:1)
  9 orc knights
  3 cyclopes
  10 ugly things
  4 orc sorcerers
  2 manticores
  8 salamanders
  5 elephants
  5 vault sentinels (Vaults:1)
  Maurice (D:8)
  8 guardian serpents
  25 black mambas
  14 naga magi
  3 gargoyles
  17 spiny frogs
  Psyche (D:9)
  A torpor snail (Lair:5)
  3 rime drakes
  A spiny frog (shapeshifter) (Vaults:1)
  7 yaktaurs (Vaults:1)
  7 komodo dragons
  A hellwing (Orc:2)
  An ice devil (Orc:2)
  A red devil (Orc:2)
  5 trolls
  A tengu conjurer (D:14)
  A kobold demonologist (D:15)
  A freezing wraith (Vaults:1)
  18 polar bears
  5 tyrant leeches (Lair:6)
  A queen bee (Lair:3)
  A hornet (D:11)
  5 dream sheep (Lair:5)
  9 slime creatures
  28 blink frogs
  10 hippogriffs
  A centaur simulacrum (D:11)
  2 redbacks (Lab)
  57 yaks
  8 wraiths
  4 hogs
  A human (D:8)
  3 basilisks
  3 hungry ghosts
  A steam dragon (D:10)
  A chaos spawn (Orc:2)
  9 vampire mosquitoes
  A soldier ant (D:11)
  5 wargs
  4 swamp worms (Lair:2)
  53 nagas
  The ghost of Vajrapani the Magician, an amateur BaWz of Hepliaklqana (D:4)
  15 porcupines
  12 water moccasins
  5 ice beasts
  2 slaves (D:5)
  An eye of draining (D:13)
  2 phantoms
  2 necrophages
  44 orc warriors
  18 ogres
  2 sky beasts
  13 centaurs
  27 wolves
  14 crocodiles
  2 big kobolds
  27 bullfrogs
  An earth elemental (Lab)
  A water moccasin zombie (D:8)
  4 scorpions
  32 killer bees
  3 wights (D:15)
  A spriggan skeleton (Lab)
  A troll skeleton (Lab)
  A howler monkey (D:10)
  2 electric eels
  7 crimson imps
  A bullfrog zombie (D:9)
  4 lava snakes (Lab)
  4 centaur zombies
  A quasit (D:8)
  4 jellies
  22 orc wizards
  10 centaur skeletons
  25 orc priests
  5 hounds
  A bullfrog skeleton (D:6)
  2 gnoll shamans
  8 iguanas
  4 worker ants
  3 mummies (Ossuary)
  2 hound skeletons
  A howler monkey zombie (D:5)
  2 worker ant zombies
  44 gnolls
  15 adders
  A howler monkey skeleton (D:9)
  3 river rats
  A hound simulacrum (D:11)
  5 shadow imps
  2 white imps (D:11)
  An ufetubus (D:11)
  2 adder skeletons
  2 adder zombies
  17 worms
  5 dart slugs
  5 leopard geckos
  94 orcs
  A ball python (D:2)
  8 bats
  10 giant cockroaches
  7 hobgoblins
  31 jackals
  4 quokkas
  2 frilled lizards (D:2)
  A giant cockroach zombie (D:5)
  A gnoll zombie (Ossuary)
  11 goblins
  6 goblin zombies (Ossuary)
  4 hobgoblin zombies (Ossuary)
  A jackal zombie (D:7)
  21 kobolds
  A kobold zombie (Ossuary)
  An orc zombie (Ossuary)
  A quokka skeleton (D:5)
  A quokka zombie (D:8)
  11 rats
  2 plants (Lair:2)
1228 creatures vanquished.

Vanquished Creatures (others)
  A naga mage (Snake:4)
  A gnoll (D:5)
  An orc (Vaults:1)
  6 fungi
  37 plants
46 creatures vanquished.

Grand Total: 1274 creatures vanquished

Notes
Turn   | Place    | Note
-------+----------+-------------------------------------------
     0 | D:1      | inmateoo the Ghoul Monk began the quest for the Orb.
     0 | D:1      | Reached XP level 1. HP: 19/19 MP: 0/0
   181 | D:1      | Reached XP level 2. HP: 25/26 MP: 1/1
   698 | D:1      | Reached skill level 4 in Unarmed Combat
   698 | D:1      | Reached XP level 3. HP: 30/31 MP: 2/2
  1356 | D:2      | Reached XP level 4. HP: 15/40 MP: 3/3
  1546 | D:2      | Reached skill level 1 in Armour
  1665 | D:2      | Found a faded altar of an unknown god.
  1911 | D:3      | Reached XP level 5. HP: 46/46 MP: 4/4
  1914 | D:3      | Reached skill level 5 in Unarmed Combat
  2091 | D:3      | Found a bloodstained altar of Trog.
  2437 | D:3      | Reached XP level 6. HP: 52/53 MP: 5/5
  2659 | D:4      | Found Deicon's Food Emporium.
  2794 | D:5      | Entered Level 5 of the Dungeon
  2823 | D:5      | Found a sand-covered staircase.
  2828 | Ossuary  | Entered an ossuary
  2828 | Ossuary  | Noticed a wraith
  2828 | Ossuary  | Noticed a wraith
  2828 | Ossuary  | Noticed a wraith
  2992 | Ossuary  | Noticed a wraith
  3013 | Ossuary  | Killed a wraith
  3013 | Ossuary  | Reached skill level 5 in Fighting
  3013 | Ossuary  | Reached skill level 6 in Unarmed Combat
  3013 | Ossuary  | Reached XP level 7. HP: 34/61 MP: 6/6
  3684 | D:5      | Found a sacrificial altar of Ru.
  3807 | D:5      | Reached skill level 7 in Unarmed Combat
  4016 | D:6      | Reached XP level 8. HP: 70/70 MP: 7/7
  4037 | D:6      | Found a burning altar of Makhleb.
  4039 | D:6      | Noticed an Executioner
  4125 | D:6      | Reached skill level 8 in Unarmed Combat
  4227 | D:6      | Found a glowing drain.
  4232 | Sewer    | Entered a sewer
  4372 | Sewer    | Found a white marble altar of Elyvilon.
  5436 | D:4      | Reached skill level 9 in Unarmed Combat
  5488 | D:4      | Noticed Vajrapani's ghost (amateur BaWz)
  5494 | D:4      | Killed Vajrapani's ghost
  5494 | D:4      | Reached XP level 9. HP: 71/78 MP: 8/8
  5991 | D:4      | Reached skill level 5 in Armour
  6014 | D:4      | Found a staircase to the Ecumenical Temple.
  6020 | Temple   | Entered the Ecumenical Temple
  6113 | Temple   | Became a worshipper of the Wu Jian Council
  6113 | Temple   | Reached * piety under Wu Jian
  6113 | Temple   | Reached ** piety under Wu Jian
  6558 | D:5      | Noticed Pikel
  6579 | D:5      | Killed Pikel
  6579 | D:5      | Reached skill level 10 in Unarmed Combat
  7066 | D:7      | Reached *** piety under Wu Jian
  7197 | D:7      | Found a sacrificial altar of Ru.
  7226 | D:7      | Found an ancient bone altar of Kikubaaqudgha.
  7226 | D:7      | Found a deep blue altar of Sif Muna.
  7321 | D:7      | Reached skill level 11 in Unarmed Combat
  7431 | D:7      | Reached XP level 10. HP: 88/88 MP: 9/9
  7651 | D:8      | Noticed Maurice
  7664 | D:8      | Paralysed by something for 3 turns
  7672 | D:8      | Paralysed by something for 3 turns
  7686 | D:8      | Killed Maurice
  8168 | D:8      | Found an opulent altar of Gozag.
  8211 | D:8      | Reached skill level 12 in Unarmed Combat
  8262 | D:8      | Noticed a two-headed ogre
  8268 | D:8      | Found a blossoming altar of Fedhas.
  8277 | D:8      | Killed a two-headed ogre
  8359 | D:9      | Reached **** piety under Wu Jian
  8512 | D:9      | Noticed Psyche
  8537 | D:9      | Killed Psyche
  8546 | D:9      | Reached XP level 11. HP: 38/97 MP: 10/10
  8630 | D:9      | Noticed a two-headed ogre
  8633 | D:9      | Killed a two-headed ogre
  8633 | D:9      | Reached skill level 13 in Unarmed Combat
  9142 | D:10     | Entered Level 10 of the Dungeon
  9636 | D:10     | Reached skill level 10 in Fighting
 10241 | D:11     | Noticed a white ugly thing
 10254 | D:11     | Killed a white ugly thing
 10527 | D:11     | Found a frozen archway.
 10535 | D:11     | Reached skill level 14 in Unarmed Combat
 10559 | IceCv    | Entered an ice cave
 10583 | IceCv    | Reached XP level 12. HP: 70/108 MP: 11/11
 10625 | IceCv    | Identified Xuarph's Incunabulum of Necromancy and Earth
 10748 | IceCv    | Reached skill level 5 in Dodging
 10905 | IceCv    | Reached ***** piety under Wu Jian
 10990 | IceCv    | Noticed a frost giant
 11052 | IceCv    | Killed a frost giant
 11052 | IceCv    | Reached skill level 15 in Unarmed Combat
 11211 | D:11     | Identified a scroll of acquirement
 11212 | D:11     | Got a twisted hat
 11224 | D:11     | Identified the +1 hat "Byurchum" {*Drain rPois rCorr Str-2} (You acquired it on level 11 of the Dungeon)
 11323 | D:11     | Noticed Snorg
 11370 | D:11     | Killed Snorg
 11435 | D:11     | Noticed a two-headed ogre
 11438 | D:11     | Reached XP level 13. HP: 116/116 MP: 12/12
 11677 | D:11     | Found a staircase to the Lair.
 11961 | D:12     | Found a staircase to the Orcish Mines.
 12135 | D:12     | Noticed Harold
 12147 | D:12     | Killed Harold
 12147 | D:12     | Reached skill level 16 in Unarmed Combat
 12449 | D:12     | Reached skill level 10 in Armour
 12647 | D:12     | Noticed Kirke
 12650 | D:12     | Killed Kirke
 13258 | D:13     | Noticed Frances
 13475 | D:13     | Learned a level 2 spell: Blink
 13820 | D:14     | Reached XP level 14. HP: 103/127 MP: 13/13
 14053 | D:14     | Found a gate to the Vaults.
 14057 | D:14     | Reached skill level 17 in Unarmed Combat
 14821 | D:15     | Entered Level 15 of the Dungeon
 15033 | D:15     | Found a staircase to the Depths.
 15034 | D:15     | Noticed a fire giant
 15124 | D:15     | Killed a fire giant
 15547 | Lair:1   | Entered Level 1 of the Lair of Beasts
 15665 | Lair:1   | Reached skill level 1 in Shields
 16367 | Lair:2   | Noticed Erica
 16385 | Lair:2   | Killed Erica
 16451 | Lair:2   | Reached XP level 15. HP: 93/136 MP: 14/14
 16612 | Lair:2   | Identified the Disquisition on Good Luck
 16667 | Lair:2   | Reached skill level 18 in Unarmed Combat
 16698 | Lair:2   | Learned a level 3 spell: Regeneration
 16701 | Lair:2   | Learned a level 2 spell: Song of Slaying
 16704 | Lair:2   | Learned a level 2 spell: Shroud of Golubria
 16707 | Lair:2   | Learned a level 2 spell: Swiftness
 17168 | Lair:3   | Found a staircase to the Snake Pit.
 17174 | Lair:3   | Reached ****** piety under Wu Jian
 17288 | Lair:3   | Found a staircase to the Shoals.
 17470 | Lair:3   | Reached skill level 1 in Charms
 17478 | Lair:3   | Reached skill level 1 in Spellcasting
 17938 | Lair:4   | Noticed Josephine
 17950 | Lair:4   | Killed Josephine
 17965 | Lair:4   | HP: 6/136 [komodo dragon (16)]
 19397 | Lair:5   | Found a runed door.
 19397 | Lair:5   | Found a viscous altar of Jiyva.
 19397 | Lair:5   | Found a staircase to the Slime Pits.
 19397 | Lair:5   | Noticed an acid blob
 19461 | Lair:6   | Entered Level 6 of the Lair of Beasts
 20057 | Lair:6   | Reached XP level 16. HP: 146/146 MP: 19/19
 20528 | Lair:6   | Noticed Gastronok
 20537 | Lair:6   | Killed Gastronok
 20891 | Orc:1    | Entered Level 1 of the Orcish Mines
 20891 | Orc:1    | Noticed inmateoo's ghost (journeyman DDWn)
 20905 | Orc:1    | Killed inmateoo's ghost
 21255 | Orc:2    | Entered Level 2 of the Orcish Mines
 21269 | Orc:2    | Reached skill level 10 in Dodging
 21271 | Orc:2    | Noticed Erolcha
 21272 | Orc:2    | HP: 4/146 [warg[an orc high priest] (5)]
 21278 | Orc:2    | Reached skill level 19 in Unarmed Combat
 21282 | Orc:2    | Killed Erolcha
 21317 | Orc:2    | Found a staircase to the Elven Halls.
 21353 | Orc:2    | Found Fapn's Weapon Emporium.
 21370 | Orc:2    | Found Maseajaet's Assorted Antiques.
 21376 | Orc:2    | Found a labyrinth entrance.
 21401 | Orc:2    | Noticed Lunath's ghost (journeyman MiFi)
 21405 | Orc:2    | Found an iron altar of Okawaru.
 21417 | Orc:2    | Killed Lunath's ghost
 21432 | Orc:2    | Bought a scroll of identify for 42 gold pieces
 21442 | Lab      | Entered a labyrinth
 22813 | Orc:2    | Learned a level 8 spell: Controlled Blink
 22845 | Orc:2    | Found Muhyjou's Weapon Emporium.
 22953 | Orc:2    | Found Xyheocuo's Magic Scroll Boutique.
 22955 | Orc:2    | Found Afericuj's General Store.
 23546 | Orc:2    | Bought a scroll of blinking for 112 gold pieces
 23567 | Orc:2    | Reached skill level 5 in Shields
 24240 | Orc:2    | Paralysed by an orc sorcerer for 3 turns
 24699 | Orc:2    | Found Oleigo's Book Emporium.
 24699 | Orc:2    | Found Sidaupoc's Antique Armour Shoppe.
 24702 | Orc:2    | Found a one-way gate leading to the halls of Pandemonium.
 24711 | Orc:2    | Bought the +3 crown of Dyrovepreva {rElec Int+2 SInv} for 1076 gold pieces
 24711 | Orc:2    | Found the +3 crown of Dyrovepreva {rElec Int+2 SInv}
 25004 | Snake:1  | Entered Level 1 of the Snake Pit
 25066 | Snake:1  | Reached XP level 17. HP: 154/154 MP: 22/22
 25205 | Snake:1  | Found Xaku's Specialty Armours.
 25280 | Snake:1  | Reached skill level 5 in Charms
 26009 | Snake:2  | Found Keamn's General Store.
 26009 | Snake:2  | Found Botan's Assorted Antiques.
 26011 | Snake:2  | Found Cukh's Jewellery Boutique.
 26012 | Snake:2  | Found Pucoicwu's Antique Weapon Shop.
 26017 | Snake:2  | Bought a potion of heal wounds for 70 gold pieces
 26028 | Snake:2  | Bought a turquoise-encrusted scale mail for 243 gold pieces
 26028 | Snake:2  | Bought 2 potions of heal wounds for 270 gold pieces
 26028 | Snake:2  | Bought a jewelled scale mail for 243 gold pieces
 26028 | Snake:2  | Bought 3 scrolls of blinking for 607 gold pieces
 26093 | Snake:2  | Identified the +5 scale mail of Duty {rC+ Str-3 Stlth+} (You bought it in a shop on level 2 of the Snake Pit)
 26103 | Snake:2  | Identified the +0 scale mail of the Wasteland {+Inv rC- rCorr Int+4} (You bought it in a shop on level 2 of the Snake Pit)
 26359 | Snake:2  | Reached skill level 5 in Spellcasting
 26839 | Snake:2  | Bought an uncursed ring of protection from fire for 525 gold pieces
 27346 | Snake:4  | Entered Level 4 of the Snake Pit
 27523 | Snake:4  | Reached skill level 1 in Necromancy
 28856 | Snake:4  | Reached XP level 18. HP: 153/162 MP: 20/25
 28870 | Snake:4  | Reached skill level 20 in Unarmed Combat
 29738 | Snake:4  | Reached skill level 15 in Fighting
 30316 | Snake:4  | Got a serpentine rune of Zot
 30435 | Snake:4  | Found Hianaddi's Antique Weapon Emporium.
 30722 | Vaults:1 | Entered Level 1 of the Vaults
 31127 | Vaults:1 | Reached XP level 19. HP: 46/170 MP: 27/27
 31832 | Vaults:1 | Paralysed by a great orb of eyes for 7 turns
 31836 | Vaults:1 | Blown up by a great orb of eyes

Skill      XL: |  1  2  3  4  5  6  7  8  9 10 11 12 13 14 15 16 17 18 19 |
---------------+----------------------------------------------------------+-----
Dodging        | 3 4 6 7 9 10 11 | 11.4
Unarmed Combat | 4 5 6 7 9 11 12 14 15 16 17 18 19 20 | 20.6
Fighting       | 4 5 6 8 9 10 11 12 13 14 15 | 15.4
Armour         | 1 2 3 4 5 7 8 9 10 11 12 13 | 13.8
Shields        | 1 3 5 6 7 |  7.5
Charms         | 3 4 6 7 |  7.1
Spellcasting   | 3 4 5 6 |  6.6
Necromancy     | 2 4 |  4.9
Stealth        | |  2.1

Action                   |  1- 3 |  4- 6 |  7- 9 | 10-12 | 13-15 | 16-18 | 19-21 || total
-------------------------+-------+-------+-------+-------+-------+-------+-------++-------
Melee: Unarmed           |    96 |   240 |   566 |   810 |  1329 |  1977 |   152 ||  5170
       Punch             |       |     6 |    26 |    42 |   121 |    68 |       ||   263
 Cast: Shroud of Golubri |       |       |       |       |     1 |       |       ||     1
       Regeneration      |       |       |       |       |       |     2 |       ||     2
Invok: Whirlwind         |       |       |    52 |   274 |   571 |   510 |    51 ||  1458
       Wall Jump         |       |       |    21 |    18 |     4 |    69 |    14 ||   126
       Lunge             |       |       |    18 |    40 |    80 |   107 |     8 ||   253
       Serpent's Lash    |       |       |       |    11 |    26 |    28 |     3 ||    68
       Heavenly Storm    |       |       |       |       |     1 |     2 |       ||     3
  Use: Potion            |       |     1 |       |       |     2 |     5 |     2 ||    10
       Scroll            |       |       |       |    15 |    19 |     7 |       ||    41
 Stab: Sleeping          |       |       |       |       |    11 |     1 |       ||    12
       Distracted        |       |       |       |       |     1 |     1 |       ||     2
       Invisible         |       |       |       |       |       |       |     2 ||     2
  Eat: Chunk             |     9 |    21 |    42 |   100 |   113 |   181 |    14 ||   480
Armor: Ring mail         |    12 |       |       |       |       |       |       ||    12
       Scale mail        |    16 |    90 |   170 |    84 |       |       |       ||   360
       Chain mail        |       |       |       |   259 |       |       |       ||   259
       Troll leather arm |       |       |       |     1 |   218 |    85 |       ||   304
       Plate armour      |       |       |       |       |       |   344 |    39 ||   383
Dodge: Dodged            |    64 |   113 |   276 |   329 |   680 |   666 |    26 ||  2154
       Deflected         |       |       |       |       |     8 |    72 |     5 ||    85
Block: Shield            |       |       |       |       |       |   582 |    57 ||   639
